Map: 潜水艇-天梯版

Players

JoliwaLoves - Winner!

  • Race: Protoss Protoss

DPGEnchant (EnChant)

  • Race: Protoss Protoss
  • League: Master

Event: DreamHack SC2 Masters 2020 Winter

VOD

Have the link to the VOD?

Description

Time

  • Played on: Oct. 16, 2020, 8:13 a.m.
  • Length: 14:57

All games in this series

Show
View Real Time Build Order
Export as new Build Order

JoliwaLoves Protoss - Winner!

Build Orders:  

Get SALT Encoding   

  12  0:00  Probe  
  13  0:12  Probe  
  14  0:16  Pylon  
  14  0:24  Probe  
  15  0:35  Gateway  
  15  0:36  Probe (Chrono Boost)  
  16  0:46  Assimilator, Probe (Chrono Boost)  
  17  0:51  Probe (Chrono Boost)  
  17  0:54  Assimilator  
  18  1:03  Probe (Chrono Boost)  
  19  1:10  Gateway  
  19  1:13  Probe (Chrono Boost)  
  19  1:17  Probe (Chrono Boost)  
  20  1:23  Cybernetics Core  
  21  1:29  Probe  
  22  1:34  Pylon  
  22  1:41  Probe  
  23  1:56  Probe  
  23  2:01  Stalker x2, Warp Gate  
  28  2:17  Pylon  
  28  2:28  Pylon  
  28  2:31  Stalker  
  28  2:35  Stalker  
  32  2:51  Nexus  
  32  3:01  Sentry  
  36  3:06  Sentry  
  36  3:10  Probe  
  37  3:15  Pylon  
  37  3:16  Pylon  
  36  3:31  Probe  
  37  3:36  Pylon  
  37  3:42  Twilight Council  
  37  3:43  Probe  
  37  3:48  Pylon  
  38  3:53  Stalker x2  
  42  3:58  Probe  
  43  4:05  Probe  
  44  4:10  Probe  
  44  4:16  Adept x2  
  49  4:21  Phoenix  
  49  4:23  Probe x2  
  50  4:26  Blink (Chrono Boost)  
  49  4:35  Probe x2 (Chrono Boost)  
  51  4:47  Stalker x2, Probe x2 (Chrono Boost)  
  56  4:53  Probe x2 (Chrono Boost)  
  58  5:01  Probe x2  
  60  5:12  Pylon  
  60  5:16  Probe x2  
  60  5:18  Phoenix  
  60  5:19  Robotics Facility  
  61  5:30  Stalker x2  
  61  5:35  Probe x2  
  61  5:47  Probe x2  
  63  5:57  Assimilator  
  63  5:59  Probe x2  
  63  6:01  Assimilator  
  65  6:05  Gateway  
  65  6:11  Probe x2  
  67  6:15  Gateway  
  67  6:17  Phoenix  
  67  6:21  Observer  
  67  6:23  Probe x2  
  70  6:29  Nexus  
  70  6:35  Pylon  
  70  6:36  Pylon  
  70  6:51  Charge, Pylon  
  70  6:53  Probe x2  
  71  6:58  Adept x2  
  72  7:06  Probe x2  
  72  7:15  Phoenix  
  69  7:18  Probe x2 (Chrono Boost)  
  67  7:27  Stalker  
  67  7:29  Probe x2 (Chrono Boost)  
  71  7:33  Gateway  
  71  7:34  Probe x2 (Chrono Boost)  
  71  7:37  Gateway  
  73  7:44  Probe x2 (Chrono Boost)  
  73  7:50  Gateway  
  76  7:53  Gateway, Probe x2 (Chrono Boost)  
  76  7:58  Probe (Chrono Boost)  
  77  7:59  Probe  
  77  8:00  Probe  
  80  8:08  Dark Shrine  
  80  8:09  Probe  
  81  8:19  Zealot  
  83  8:20  Zealot x2  
  83  8:24  Shield Battery  
  83  8:25  Zealot  
  87  8:30  Zealot  
  87  8:32  Probe x3  
  92  8:37  Zealot  
  92  8:40  Pylon  
  94  8:46  Zealot x2  
  94  8:47  Zealot  
  100  8:56  Zealot x3  
  106  9:02  Forge  
  106  9:10  Probe x3  
  109  9:22  Probe  
  109  9:23  Dark Templar x3  
  116  9:26  Pylon  
  116  9:28  Pylon  
  116  9:38  Protoss Ground Weapons Level 1 (Chrono Boost)  
  116  9:40  Probe  
  116  9:44  Probe  
  118  9:46  Dark Templar, Robotics Facility  
  118  9:47  Dark Templar  
  118  9:48  Robotics Bay  
  118  9:50  Probe  
  118  9:51  Pylon  
  123  9:53  Pylon  
  117  10:11  Dark Templar x2  
  117  10:12  Dark Templar x4  
  127  10:14  Probe x2  
  129  10:24  Zealot x2  
  128  10:32  Probe  
  128  10:33  Probe  
  128  10:34  Disruptor x2 (Chrono Boost)  
  124  10:41  Probe  
  124  10:42  Assimilator  
  131  10:45  Probe  
  131  10:46  Assimilator  
  132  10:52  Probe  
  132  10:53  Shadow Stride (Chrono Boost), Probe  
  132  10:55  Pylon  
  134  11:02  Photon Cannon, Disruptor (Chrono Boost)  
  134  11:10  Disruptor (Chrono Boost)  
  137  11:15  Zealot x2  
  137  11:16  Zealot x3  
  146  11:43  Disruptor  
  146  11:44  Nexus, Disruptor  
  151  11:47  Zealot x2  
  151  11:50  Photon Cannon  
  151  11:52  Photon Cannon  
  132  12:16  Disruptor x2 (Chrono Boost)  
  138  12:23  Probe  
  138  12:24  Probe x2  
  138  12:27  Protoss Ground Weapons Level 2 (Chrono Boost)  
  141  12:31  Dark Templar  
  141  12:32  Dark Templar x2, Zealot x2  
  141  12:33  Zealot x3  
  157  12:40  Pylon  
  157  12:42  Pylon  
  157  12:43  Pylon  
  154  12:56  Dark Templar x3  
  160  13:00  Probe x4  
  164  13:06  Pylon  
  162  13:23  Dark Templar x3  
  162  13:24  Zealot x2  
  172  13:38  Disruptor x2 (Chrono Boost)  
  169  13:43  Probe x3  
  169  13:45  Assimilator  
  169  13:47  Assimilator  
  174  14:03  Stalker x2  
  174  14:04  Stalker x5  
  174  14:23  Stalker  
  122  14:42  Dark Templar x3  
  117  14:52  Dark Templar  
Show
View Real Time Build Order
Export as new Build Order

DPGEnchant Protoss 

Build Orders:  

Get SALT Encoding   

  12  0:00  Probe  
  13  0:12  Probe  
  14  0:17  Pylon  
  14  0:24  Probe (Chrono Boost)  
  15  0:37  Probe (Chrono Boost)  
  15  0:39  Gateway  
  16  0:44  Probe (Chrono Boost)  
  16  0:46  Assimilator  
  17  0:51  Probe  
  17  0:57  Assimilator  
  18  1:03  Probe (Chrono Boost)  
  19  1:15  Probe (Chrono Boost)  
  20  1:18  Gateway  
  20  1:22  Probe (Chrono Boost)  
  21  1:26  Cybernetics Core  
  21  1:29  Probe  
  22  1:36  Pylon  
  22  1:41  Probe  
  23  1:54  Probe  
  24  2:03  Warp Gate  
  24  2:07  Adept x2  
  28  2:12  Pylon  
  28  2:17  Pylon  
  28  2:29  Robotics Facility  
  28  2:37  Adept x2  
  32  3:07  Stalker x2  
  36  3:15  Pylon  
  36  3:17  Observer  
  37  3:31  Nexus  
  35  3:36  Shield Battery  
  35  3:45  Probe  
  36  3:50  Warp Prism (Chrono Boost)  
  38  4:00  Stalker  
  38  4:02  Sentry  
  42  4:06  Probe  
  39  4:27  Observer  
  39  4:28  Stalker  
  41  4:37  Immortal (Chrono Boost)  
  39  4:43  Probe x2 (Chrono Boost)  
  47  4:53  Probe x2 (Chrono Boost), Sentry x2  
  47  4:58  Probe x2 (Chrono Boost)  
  53  5:12  Immortal  
  57  5:21  Adept x2  
  61  5:26  Shield Battery  
  61  5:30  Probe  
  62  5:40  Probe  
  59  5:47  Probe  
  59  5:48  Twilight Council  
  60  5:50  Forge  
  60  5:52  Probe  
  61  6:10  Nexus  
  61  6:12  Pylon  
  61  6:13  Probe  
  61  6:14  Pylon, Protoss Ground Weapons Level 1 (Chrono Boost)  
  62  6:19  Blink (Chrono Boost)  
  62  6:20  Gateway  
  62  6:30  Probe  
  63  6:36  Adept x2  
  63  6:39  Probe  
  68  6:42  Probe  
  68  6:44  Shield Battery  
  68  6:46  Assimilator  
  68  7:03  Probe x2  
  70  7:18  Stalker x3  
  72  7:29  Gateway  
  72  7:31  Gateway  
  72  7:32  Probe x3  
  72  7:34  Gateway  
  75  7:43  Stalker x3  
  81  7:49  Probe  
  81  7:50  Probe x2  
  83  7:57  Pylon x2  
  83  8:01  Assimilator  
  83  8:03  Pylon  
  83  8:06  Stalker x2  
  83  8:07  Stalker  
  89  8:14  Protoss Ground Weapons Level 2 (Chrono Boost)  
  89  8:16  Charge (Chrono Boost)  
  89  8:26  Probe x3  
  92  8:33  Stalker x3  
  98  8:34  Zealot x2  
  98  8:40  Stalker  
  104  8:47  Stalker  
  105  8:55  Probe x2  
  105  8:56  Probe  
  105  9:00  Assimilator  
  107  9:04  Assimilator  
  107  9:06  Robotics Bay, Photon Cannon  
  107  9:07  Photon Cannon  
  107  9:08  Probe x3  
  110  9:18  Adept x2  
  110  9:22  Probe x3  
  117  9:33  Gateway  
  117  9:36  Gateway  
  115  9:52  Robotics Facility  
  115  9:58  Observer (Chrono Boost)  
  116  10:00  Photon Cannon  
  114  10:07  Stalker  
  114  10:11  Pylon  
  114  10:13  Pylon  
  116  10:15  Pylon  
  116  10:17  Stalker  
  112  10:31  Stalker x7  
  112  10:34  Probe x3  
  123  10:38  Photon Cannon  
  123  10:43  Disruptor (Chrono Boost)  
  123  10:44  Disruptor (Chrono Boost)  
  123  10:45  Protoss Ground Weapons Level 3 (Chrono Boost)  
  123  10:46  Probe  
  130  10:53  Photon Cannon  
  130  11:07  Stalker  
  130  11:08  Stalker  
  132  11:14  Disruptor x2 (Chrono Boost)  
  138  11:18  Dark Shrine  
  137  11:28  Photon Cannon  
  137  11:30  Probe x3  
  130  11:45  Disruptor x2 (Chrono Boost)  
  134  12:06  Stalker x3  
  141  12:24  Disruptor (Chrono Boost)  
  141  12:36  Nexus  
  141  12:39  Pylon  
  141  12:40  Pylon  
  141  12:42  Pylon  
  141  12:43  Pylon  
  141  12:56  Disruptor x2, Pylon  
  146  13:08  Observer  
  144  13:20  Shadow Stride (Chrono Boost)  
  144  13:31  Probe  
  144  13:32  Colossus, Disruptor, Probe x2  
  153  13:44  Stalker x7  
  167  13:50  Nexus  
  167  13:51  Pylon  
  167  14:08  Disruptor  
  130  14:24  Stalker x7  
  72  14:53  Stalker x7  
Tags
 
Add a new tag
Caveats
  • Supply blocks, unpowered buildings, or Contaminate may cause inaccurate times.
  • Supply counts are checked every 10 seconds.